 Dungeon Crawl Stone Soup version 0.24.0-1-gfbc8707122 (webtiles) character file.

Game seed: 9668779659182187736, levelgen mode: deterministic

102 MTVSty1e the Cudgeler (level 4, -2/28 HPs)
             Began as a Gargoyle Fighter on Oct 28, 2019.
             Was an Initiate of Okawaru.
             Slain by a bullfrog (4 damage)
             ... on level 3 of the Dungeon.
             The game lasted 00:02:01 (1691 turns).

MTVSty1e the Cudgeler (Gargoyle Fighter)            Turns: 1691, Time: 00:02:01

Health: -2/28      AC: 10    Str: 26    XL:     4   Next: 78%
Magic:  4/4        EV:  7    Int:  8    God:    Okawaru [......]
Gold:   135        SH:  9    Dex:  9    Spells: 3/3 levels left

rFire    . . .     SeeInvis .   a - +0 flail
rCold    . . .     Gourm    .   c - +0 shield
rNeg     + . .     Faith    .   b - +0 scale mail
rPois    ∞         Spirit   .   (no helmet)
rElec    +         Reflect  .   (no cloak)
rCorr    .         Harm     .   (no gloves)
MR       .....                  (no boots)
Stlth    ..........             (no amulet)
HPRegen  0.09/turn              (no ring)
MPRegen  0.09/turn              (no ring)

@: mighty
A: negative energy resistance 1, electricity resistance, unbreathing,
petrification resistance, rot immunity, AC +3
a: Renounce Religion


You were on level 3 of the Dungeon.
You worshipped Okawaru.
Okawaru was noncommittal.
You were very hungry.

You visited 1 branch of the dungeon, and saw 3 of its levels.

You collected 135 gold pieces.

Inventory:

Hand Weapons
 a - a +0 flail (weapon)
Armour
 b - a +0 scale mail (worn)
 c - a +0 shield (worn)
Jewellery
 l - a cursed ring of attention {unknown}
Scrolls
 e - a scroll of fog
 g - 3 scrolls of identify
 h - a scroll of magic mapping
Potions
 i - a potion of flight {unknown}
 k - 3 potions of cancellation
 n - a potion of resistance {unknown}
Comestibles
 f - 8 rations


   Skills:
 - Level 3.2 Fighting
 + Level 4.8 Maces & Flails
 - Level 3.2 Armour
 - Level 3.2 Shields


You had 3 spell levels left.
You didn't know any spells.
Your spell library was empty.

Dungeon Overview and Level Annotations

Branches:
Dungeon (2/15)

Altars:
Okawaru

Annotations:
D:3 Robin


Innate Abilities, Weirdness & Mutations

You are resistant to torment.
Your stone body is resilient. (AC +3)
You are immune to poison.
You resist negative energy. (rN+)
You are resistant to electric shocks. (rElec)
You can survive without breathing.
You are immune to petrification.
You are immune to rotting.


Message History

The bullfrog hits you but does no damage.
The orc hits you but does no damage.
The orc wizard hits you but does no damage.
The worm bites you but does no damage.
The bullfrog hits you but does no damage.
You sock the worm!
You kill the worm!
Okawaru accepts your kill. You block the bullfrog's attack.
The orc wizard hits you with a +4 dagger.
* * * LOW HITPOINT WARNING * * *
The orc hits you with a +0 mace.
* * * LOW HITPOINT WARNING * * *
You are feeling very hungry.
The bullfrog hits you.
* * * LOW HITPOINT WARNING * * *
You block the bullfrog's attack.
There is an escape hatch in the ceiling here.
The bullfrog hits you.
You die...

****##...*.....#***** *,**
*,,,* ###...###....# ***,*
**,,* #............# ***,,,*
*,,,
#..,#.))).#,.#####,,,***
**,, #..##.)_..##.....,,***
**, ##...#.))).#..#*.#*** #o
##.............##.##### #.
#..##...###...##......# ##
.........#.†.###@#***,******
#. ...........l.##F.#
*,,,,,,* #r
......###...o.S.##
******,****#g
......#...##l#### *,**,,g.
........####..# *,,,,**,
....†.### ##.#* ***,,***
......# *..* **,,,,, ......#
*#.** **,,,,,* ......# *..*
***,,,****


You could see a bullfrog, an adder and a frilled lizard.

Vanquished Creatures
  3 adders
  An ooze (D:1)
  3 worms
  4 dart slugs (D:2)
  A leopard gecko (D:1)
  2 orcs (D:3)
  4 giant cockroaches
  12 goblins
  5 hobgoblins
  2 jackals (D:3)
  2 kobolds (D:2)
  2 quokkas
  2 bats
  A frilled lizard (D:2)
  5 rats
49 creatures vanquished.

Notes
Turn   | Place    | Note
-------+----------+-------------------------------------------
     0 | D:1      | MTVSty1e the Gargoyle Fighter began the quest for the Orb.
     0 | D:1      | Reached XP level 1. HP: 14/14 MP: 1/1
    97 | D:1      | Reached XP level 2. HP: 15/19 MP: 2/2
   131 | D:1      | Reached skill level 3 in Maces & Flails
   837 | D:2      | Reached XP level 3. HP: 18/23 MP: 3/3
   900 | D:2      | Found a faded altar of an unknown god.
  1142 | D:2      | Reached skill level 4 in Maces & Flails
  1160 | D:2      | Reached XP level 4. HP: 28/28 MP: 4/4
  1533 | D:2      | You fall into a shaft and drop 1 floor!
  1533 | D:3      | Noticed Robin
  1642 | D:3      | Found an iron altar of Okawaru.
  1652 | D:3      | Became a worshipper of Warmaster Okawaru
  1670 | D:3      | Noticed a bullfrog
  1691 | D:3      | Slain by a bullfrog

Levels and vault maps discovered:
D:1:      eino_arrival_cavern_b, layout_basic
D:2:      layout_basic, chequers_ecumenical_altar_island, first_ration
D:3:      layout_rooms, nicolae_dithmenos_through_a_glass_darkly,
          okawaru_ov_weapons_minmay, serial_bayou_crossing, uniq_robin

Skill      XL: |  1  2  3 |
---------------+----------+-----
Maces & Flails | 3 4 |  4.8
Fighting       | |  3.2
Armour         | |  3.2
Shields        | |  3.2

Action                   |  1- 3 |  4- 6 || total
-------------------------+-------+-------++-------
Melee: Flail             |    95 |   128 ||   223
  Use: Scroll            |       |     6 ||     6
       Potion            |       |     1 ||     1
  Eat: Chunk             |       |     2 ||     2
Armor: Scale mail        |    51 |   106 ||   157
Dodge: Dodged            |    22 |    53 ||    75
Block: Shield            |    42 |    94 ||   136
